 Dungeon Crawl Stone Soup version 0.23.1-41-g7e51ed3 (console) character file.

Game seed: 8129484429776322844

2449 fly the Slasher (level 9, -4/69 HPs)
             Began as a Demonspawn Fighter on Mar 30, 2019.
             Was a Priest of Okawaru.
             Killed from afar by an orc wizard (7 damage)
             ... with a magic dart
             ... on level 6 of the Dungeon.
             The game lasted 00:11:27 (5734 turns).

fly the Slasher (Demonspawn Fighter)                Turns: 5734, Time: 00:11:28

Health: -4/69      AC: 13    Str: 23    XL:     9   Next: 25%
Magic:  9/9        EV:  5    Int:  7    God:    Okawaru [***...]
Gold:   303        SH: 11    Dex: 15    Spells: 8/8 levels left

rFire    . . .     SeeInvis .   a - +0 long sword
rCold    . . .     Gourm    .   v - +0 shield
rNeg     + . .     Faith    .   y - +0 plate armour
rPois    +         Spirit   .   (helmet restricted)
rElec    .         Reflect  .   q - +0 cloak
rCorr    .         Harm     .   (no gloves)
MR       .....                  (no boots)
Stlth    ..........             (no amulet)
HPRegen  0.21/turn              n - ring of poison resistance
MPRegen  0.11/turn              i - ring of positive energy

@: mighty
A: claws 1, horns 1, talons 1, deterioration 1, dopey 1, poison resistance,
spiny 3
a: Heroism, Renounce Religion


You were on level 6 of the Dungeon.
You worshipped Okawaru.
Okawaru was most pleased with you.
You were not hungry.

You visited 1 branch of the dungeon, and saw 6 of its levels.

You collected 303 gold pieces.

Inventory:

Hand Weapons
 a - a +0 long sword (weapon)
 e - a +0 blowgun
Armour
 q - a +0 cloak (worn)
 v - a +0 shield (worn)
 y - a +0 plate armour (worn)
Magical Staves
 z - an uncursed staff of death
 B - an uncursed staff of conjuration
Jewellery
 i - a ring of positive energy (right claw)
 n - a ring of poison resistance (left claw)
Wands
 A - a wand of polymorph (8)
Scrolls
 h - 9 scrolls of remove curse
 j - 2 scrolls of amnesia {unknown}
 m - 5 scrolls of identify {unknown}
 o - a scroll of magic mapping {unknown}
 p - 3 scrolls of blinking {unknown}
 t - a scroll of enchant weapon {unknown}
 u - 2 scrolls of teleportation {unknown}
 w - a scroll of fog {unknown}
 D - a scroll of fear {unknown}
Potions
 b - a potion of ambrosia {unknown}
 c - a potion of cancellation
 d - 2 potions of might
 k - a potion of mutation
 l - 2 potions of agility {unknown}
 r - a potion of magic {unknown}
 s - a potion of lignification {unknown}
 x - 2 potions of heal wounds {unknown}
Comestibles
 f - 12 rations


   Skills:
 - Level 6.0 Fighting
 + Level 7.4 Long Blades
 - Level 6.0 Armour
 - Level 6.0 Shields


You had 8 spell levels left.
You didn't know any spells.
Your spell library contained the following spells:

 Spells                   Type           Power        Failure   Level  Hunger
 Beastly Appendage        Tmut           #.....       100%        1    ##.....
 Sticks to Snakes         Tmut           #.......     100%        2    ###....
 Spider Form              Tmut/Pois      #.........   100%        3    ####...
 Ice Form                 Ice/Tmut       #.......     100%        4    #####..
 Blade Hands              Tmut           #.........   100%        5    ######.


Dungeon Overview and Level Annotations

Branches:
Dungeon (6/15)
 Temple: D:4-7

Altars:
Hepliaklqana
Okawaru
Uskayaw
Xom
The Shining One


Innate Abilities, Weirdness & Mutations

You have sharp fingernails.
You have a pair of small horns on your head.
You have sharp toenails.
You are completely covered in sharp spines.
Your body sometimes deteriorates upon taking damage.
You are dopey. (Int -2)
Your system is resistant to poisons. (rPois)


Message History

It was a potion of cancellation.
You feel magically purged.
It was a potion of curing.
You feel better. You block the orc wizard's attack.
The orc wizard points at you and mumbles some strange words.
The puff of frost hits you.
* * * LOW HITPOINT WARNING * * *
You feel better. The orc is struck by your spines.
You kill the orc!
Okawaru accepts your kill. The orc wizard casts a spell at you.
The puff of flame hits you!
* * * LOW HITPOINT WARNING * * *
You block the orc wizard's attack.
You feel very mighty all of a sudden. You block the orc wizard's attack.
It was a potion of mutation.
You feel extremely strange.
You feel yourself wasting away.
You feel stupid.
You feel resistant to poisons.
The orc wizard miscasts a cantrip.
The orc wizard points at you and mumbles some strange words.
The magic dart hits you!
You die...

#.# ##.......##
##.###o##....... #.#
##.....## #####
#.####.##.# #.#
##...## #...###.#
#..... #.# ##'##
#.......# ####.# #.#
#.# #...##### #.#
#.# #.# ##o## #.#
#.# ##.## #.# #.#
##...#######o# #.#
###.....#...@oo#
#.###......##.######
#.......#.###.#
#####...#.###.#
##.....[..#
####.##### #.# #.#
#### #.# ###


You could see an orc wizard and 2 orcs.

Vanquished Creatures
  Pikel (D:5)
  Prince Ribbit (D:5)
  Menkaure (D:5)
  2 orc warriors (D:6)
  A sky beast (D:6)
  3 phantoms (D:4)
  3 ogres
  3 crimson imps (D:6)
  A bullfrog zombie (D:6)
  2 hounds
  2 orc wizards (D:6)
  3 bullfrog skeletons
  Crazy Yiuf (D:4)
  Jessica (D:3)
  4 iguanas
  Natasha (thrice) (D:2)
  5 worker ants
  8 adders
  A shadow imp (D:6)
  2 oozes
  An adder skeleton (D:5)
  2 worms
  3 dart slugs
  3 leopard geckos
  14 orcs
  3 ball pythons
  8 giant cockroaches
  4 goblins
  9 hobgoblins
  9 jackals
  9 kobolds
  2 quokkas
  7 bats
  5 frilled lizards
  30 rats
157 creatures vanquished.

Notes
Turn   | Place    | Note
-------+----------+-------------------------------------------
     0 | D:1      | fly the Demonspawn Fighter began the quest for the Orb.
     0 | D:1      | Reached XP level 1. HP: 18/18 MP: 1/1
    91 | D:1      | Reached skill level 2 in Long Blades
   216 | D:1      | Gained mutation: You are partially covered in sharp spines.
                  | [demonic ancestry]
   216 | D:1      | Reached XP level 2. HP: 24/24 MP: 2/2
   476 | D:1      | Gained mutation: You have sharp fingernails. [demonic
                  | ancestry]
   476 | D:1      | Reached XP level 3. HP: 17/29 MP: 3/3
   559 | D:1      | Reached skill level 3 in Long Blades
   999 | D:2      | Noticed Natasha
  1005 | D:2      | Killed Natasha
  1005 | D:2      | Gained mutation: You are mostly covered in sharp spines.
                  | [demonic ancestry]
  1005 | D:2      | Reached XP level 4. HP: 35/35 MP: 4/4
  1077 | D:2      | Found a faded altar of an unknown god.
  1077 | D:2      | Noticed Natasha
  1090 | D:2      | Killed Natasha
  1113 | D:2      | Reached skill level 4 in Long Blades
  1239 | D:2      | Noticed Natasha
  1244 | D:2      | Killed Natasha
  1244 | D:2      | Reached XP level 5. HP: 33/41 MP: 5/5
  1417 | D:2      | Found an iron altar of Okawaru.
  1791 | D:2      | Became a worshipper of Warmaster Okawaru
  1876 | D:3      | Reached skill level 5 in Long Blades
  2164 | D:3      | Noticed Jessica
  2168 | D:3      | Killed Jessica
  2168 | D:3      | Gained mutation: You have sharp toenails. [demonic
                  | ancestry]
  2168 | D:3      | Reached XP level 6. HP: 46/47 MP: 6/6
  2533 | D:4      | Reached skill level 6 in Long Blades
  2541 | D:4      | Reached * piety under Okawaru
  2810 | D:4      | Found a shimmering altar of Xom.
  2910 | D:4      | Reached XP level 7. HP: 52/52 MP: 7/7
  3268 | D:3      | Found a hazy altar of Hepliaklqana.
  3310 | D:4      | Found a runed translucent door.
  3311 | D:4      | Noticed Crazy Yiuf
  3604 | D:4      | Killed Crazy Yiuf
  3985 | D:5      | Entered Level 5 of the Dungeon
  3989 | D:5      | Noticed Prince Ribbit
  3997 | D:5      | Killed Prince Ribbit
  3997 | D:5      | Reached ** piety under Okawaru
  3997 | D:5      | Reached skill level 5 in Armour
  4026 | D:5      | Reached skill level 5 in Shields
  4056 | D:5      | Noticed Menkaure
  4067 | D:5      | Killed Menkaure
  4067 | D:5      | Gained mutation: You have a pair of small horns on your
                  | head. [demonic ancestry]
  4067 | D:5      | Reached XP level 8. HP: 21/58 MP: 8/8
  4103 | D:5      | HP: 2/58 [ogre/+0 giant club (3)]
  4510 | D:5      | Found a hide-covered altar of Uskayaw.
  4623 | D:5      | Noticed Pikel
  4670 | D:5      | Killed Pikel
  4670 | D:5      | Reached skill level 5 in Fighting
  4847 | D:5      | Found a glowing golden altar of the Shining One.
  4982 | D:6      | Gained mutation: You are completely covered in sharp
                  | spines. [demonic ancestry]
  4982 | D:6      | Reached XP level 9. HP: 68/69 MP: 9/9
  5482 | D:6      | Reached *** piety under Okawaru
  5590 | D:6      | Reached skill level 7 in Long Blades
  5726 | D:6      | HP: 1/69 [orc wizard/magic dart (10)]
  5731 | D:6      | HP: 3/69 [orc wizard/puff of flame (9)]
  5734 | D:6      | Gained mutation: Your body sometimes deteriorates upon
                  | taking damage. [potion of mutation]
  5734 | D:6      | Gained mutation: You are dopey. (Int -2) [potion of
                  | mutation]
  5734 | D:6      | Gained mutation: Your system is resistant to poisons.
                  | (rPois) [potion of mutation]
  5734 | D:6      | Killed from afar by an orc wizard

Skill      XL: |  1  2  3  4  5  6  7  8  9 |
---------------+----------------------------+-----
Long Blades    | 2 3 4 5 6 7 |  7.4
Armour         | 3 5 6 |  6.0
Shields        | 3 5 6 |  6.0
Fighting       | 6 |  6.0

Action                   |  1- 3 |  4- 6 |  7- 9 || total
-------------------------+-------+-------+-------++-------
Melee: Long sword        |   118 |   166 |   204 ||   488
       Kick              |       |    11 |    72 ||    83
       Headbutt          |       |       |    34 ||    34
Invok: Heroism           |       |       |     2 ||     2
  Use: Potion            |       |       |     6 ||     6
       Scroll            |       |       |     1 ||     1
  Eat: Chunk             |       |     7 |     9 ||    16
Armor: Scale mail        |    44 |    49 |     4 ||    97
       Plate armour      |       |       |    66 ||    66
Dodge: Dodged            |    20 |    30 |    24 ||    74
Block: Shield            |    55 |    65 |    96 ||   216
       Rpst.: Long sword |     8 |    11 |     5 ||    24
